Map: Golden Wall LE

Players

Vanya - Winner!

  • Race: Zerg Zerg
  • League: Grandmaster
  • Spawn Location: 5:00

BlyOnFire (Bly)

  • Race: Zerg Zerg
  • Spawn Location: 7:00

Event: DreamHack SC2 Masters 2020 Summer Europe

VOD

Have the link to the VOD?

Description

Time

  • Played on: July 8, 2020, 9:48 a.m.
  • Length: 9:58

All games in this series

Show
View Real Time Build Order
Export as new Build Order

Vanya Zerg - Winner!

Build Orders: Hatch First 

Get SALT Encoding   

  12  0:00  Drone  
  13  0:12  Overlord  
  13  0:17  Drone  
  14  0:30  Drone x2  
  16  0:49  Hatchery  
  15  0:52  Drone  
  15  0:56  Drone  
  17  0:59  Drone  
  18  1:09  Extractor  
  17  1:15  Spawning Pool  
  17  1:18  Drone  
  17  1:21  Drone  
  18  1:28  Drone  
  19  1:38  Drone  
  20  1:50  Drone  
  21  2:01  Queen x2  
  21  2:02  Drone  
  21  2:03  Overlord  
  26  2:10  Drone  
  26  2:11  Drone  
  28  2:22  Drone x2  
  30  2:33  Drone, Overlord  
  31  2:38  Queen  
  31  2:41  Lair  
  31  2:44  Extractor  
  32  2:45  Drone  
  32  2:46  Drone  
  34  2:51  Evolution Chamber  
  34  2:54  Drone  
  34  2:57  Drone  
  35  3:09  Drone  
  35  3:10  Drone x6  
  41  3:23  Roach Warren  
  40  3:27  Zerg Missile Weapons Level 1  
  40  3:29  Extractor  
  40  3:31  Drone, Overlord  
  40  3:33  Drone  
  41  3:36  Drone  
  41  3:37  Drone  
  43  3:41  Drone  
  44  3:51  Drone x3  
  44  3:55  Drone  
  48  4:02  Hatchery  
  47  4:08  Extractor  
  46  4:13  Spire  
  46  4:16  Drone x3  
  48  4:20  Drone x2  
  50  4:25  Overlord  
  50  4:30  Drone x2  
  52  4:33  Glial Reconstitution  
  52  4:34  Overseer  
  52  4:38  Overlord  
  52  4:47  Roach  
  52  4:48  Roach x3  
  52  4:49  Overlord  
  60  4:53  Overlord  
  60  5:04  Overlord  
  60  5:06  Drone x2  
  62  5:14  Drone x2  
  64  5:18  Drone x2  
  64  5:19  Drone x3  
  64  5:20  Drone  
  70  5:25  Roach  
  70  5:26  Roach x3, Extractor  
  77  5:29  Extractor  
  77  5:31  Mutalisk x2  
  77  5:34  Mutalisk  
  82  5:36  Mutalisk  
  84  5:47  Mutalisk x2  
  88  5:52  Overlord  
  88  5:53  Mutalisk  
  88  5:55  Mutalisk  
  89  6:07  Mutalisk  
  91  6:11  Evolution Chamber  
  89  6:20  Mutalisk x2  
  89  6:25  Mutalisk  
  93  6:27  Drone x4  
  99  6:32  Mutalisk  
  99  6:34  Overlord  
  99  6:35  Mutalisk  
  99  6:38  Drone x4  
  99  6:50  Drone x2  
  99  6:51  Mutalisk x2  
  105  7:00  Mutalisk  
  107  7:08  Mutalisk  
  103  7:13  Drone, Overlord  
  104  7:16  Hatchery  
  104  7:18  Drone  
  104  7:26  Roach x6  
  106  7:37  Roach x7  
  112  7:47  Roach x4  
  120  7:56  Overlord  
  120  7:58  Overlord x2  
  120  8:08  Overlord x2  
  120  8:15  Ravager  
  120  8:16  Ravager  
  120  8:17  Overlord  
  120  8:18  Roach x5  
  120  8:19  Ravager x2  
  134  8:24  Roach  
  134  8:25  Roach  
  138  8:27  Ravager x2  
  138  8:31  Roach x2  
  144  8:36  Roach x2  
  144  8:41  Roach x2  
  152  8:45  Roach x3  
  134  8:59  Roach x7  
  147  9:05  Spore Crawler  
  147  9:07  Spore Crawler  
  147  9:08  Spore Crawler x2  
  143  9:13  Roach x2  
  145  9:29  Roach x8  
Show
View Real Time Build Order
Export as new Build Order

BlyOnFire Zerg 

Build Orders: Hatch First 

Get SALT Encoding   

  12  0:01  Drone  
  13  0:12  Overlord  
  13  0:17  Drone  
  14  0:31  Drone x2  
  16  0:48  Hatchery  
  15  0:51  Drone  
  16  1:05  Spawning Pool  
  16  1:09  Drone  
  16  1:12  Drone  
  17  1:19  Drone  
  17  1:23  Extractor  
  17  1:30  Drone  
  17  1:31  Drone  
  19  1:43  Drone  
  20  1:52  Queen  
  22  2:00  Overlord  
  22  2:01  Queen  
  22  2:02  Zergling x2  
  22  2:05  Drone  
  26  2:11  Drone  
  27  2:19  Drone  
  28  2:23  Drone  
  28  2:29  Drone  
  30  2:31  Lair  
  30  2:34  Overlord  
  30  2:39  Queen  
  30  2:43  Drone x2  
  34  2:46  Evolution Chamber  
  33  2:56  Drone  
  33  2:57  Drone x2  
  36  2:59  Extractor  
  36  3:03  Drone x3  
  38  3:08  Drone  
  38  3:14  Roach Warren  
  37  3:22  Overlord  
  37  3:27  Zerg Missile Weapons Level 1  
  37  3:28  Extractor  
  37  3:32  Overseer  
  37  3:34  Drone x3  
  37  3:35  Drone  
  37  3:39  Overlord  
  40  3:53  Glial Reconstitution  
  40  3:55  Roach x3  
  46  3:59  Drone x2  
  46  4:00  Drone  
  49  4:09  Drone x4  
  53  4:12  Extractor  
  52  4:19  Overlord  
  52  4:31  Overlord  
  52  4:34  Overlord  
  52  4:37  Hatchery  
  51  4:45  Drone  
  51  4:46  Drone x3, Overlord  
  51  4:51  Roach  
  57  4:53  Roach  
  59  5:04  Roach  
  59  5:06  Spire  
  60  5:11  Roach x3  
  66  5:19  Roach x3  
  72  5:31  Drone x2, Overlord  
  74  5:37  Overlord  
  74  5:55  Overlord  
  68  6:28  Corruptor x2  
  68  6:29  Corruptor x8  
  88  6:32  Spore Crawler  
  85  6:49  Roach x6  
  91  7:05  Roach  
  91  7:06  Overlord x4  
  83  7:22  Overlord  
  83  7:35  Roach x11  
  99  7:43  Corruptor x2  
  99  7:52  Corruptor x2  
  99  7:57  Corruptor  
  105  7:59  Corruptor  
  105  8:05  Corruptor  
  107  8:09  Drone x4  
  113  8:13  Extractor  
  113  8:16  Corruptor  
  113  8:19  Overlord  
  114  8:25  Roach  
  114  8:26  Roach x2  
  120  8:33  Drone, Overlord  
  121  8:40  Drone  
  122  8:42  Overlord  
  104  9:00  Roach x12  
  110  9:11  Roach  
  110  9:12  Roach x4  
  120  9:20  Evolution Chamber  
  120  9:21  Roach  
  101  9:33  Roach x2  
  101  9:34  Roach  
Tags
 
Add a new tag
Caveats
  • Supply blocks, unpowered buildings, or Contaminate may cause inaccurate times.
  • Supply counts are checked every 10 seconds.